Map: Ruby Rock LE

Players

HoldTheDoor

  • Race: Protoss Protoss
  • League: Diamond
  • Spawn Location: 5:00

Magomed - Winner!

  • Race: Terran Terran
  • League: Diamond
  • Spawn Location: 11:00

VOD

Have the link to the VOD?

Description

Time

  • Played on: May 12, 2026, 12:18 p.m.
  • Length: 9:23
Show
View Real Time Build Order
Export as new Build Order

HoldTheDoor Protoss 

Build Orders: 1 Gate Expand, Colossus Rush 

Get SALT Encoding   

  12  0:00  Probe  
  13  0:12  Probe  
  14  0:17  Pylon  
  14  0:23  Probe  
  15  0:32  Probe  
  15  0:37  Gateway  
  15  0:40  Probe  
  16  0:48  Assimilator  
  17  0:50  Probe  
  18  1:00  Pylon  
  18  1:03  Probe  
  19  1:15  Probe  
  20  1:26  Cybernetics Core  
  20  1:34  Nexus  
  20  1:39  Probe  
  21  1:43  Assimilator  
  21  1:51  Probe  
  21  1:53  Pylon  
  22  1:58  Warp Gate  
  22  2:02  Adept  
  22  2:03  Probe  
  25  2:21  Shield Battery  
  25  2:22  Probe  
  26  2:29  Robotics Facility  
  26  2:31  Adept  
  28  2:37  Probe  
  29  2:49  Probe  
  29  2:50  Probe  
  31  2:52  Pylon  
  31  3:00  Shield Battery  
  31  3:01  Probe  
  32  3:13  Probe  
  32  3:16  Immortal  
  33  3:22  Probe  
  38  3:37  Probe x2  
  38  3:38  Gateway  
  38  3:40  Gateway  
  40  3:43  Gateway  
  40  3:50  Twilight Council  
  40  3:57  Pylon  
  40  3:59  Sentry  
  42  4:08  Probe  
  43  4:11  Probe  
  43  4:13  Immortal  
  48  4:21  Robotics Bay  
  48  4:23  Pylon  
  48  4:24  Probe  
  49  4:25  Probe  
  50  4:36  Probe, Assimilator  
  50  4:37  Probe  
  52  4:46  Assimilator  
  52  4:48  Pylon, Probe  
  52  4:50  Zealot  
  52  4:51  Pylon  
  52  4:52  Observer  
  56  4:53  Sentry  
  56  4:55  Charge  
  58  5:07  Probe  
  58  5:10  Probe  
  60  5:18  Colossus  
  60  5:19  Forge  
  60  5:22  Zealot  
  60  5:23  Zealot x3  
  68  5:33  Probe x2  
  76  5:37  Protoss Ground Weapons Level 1  
  76  5:41  Extended Thermal Lance  
  76  5:54  Zealot x3  
  76  5:55  Zealot  
  84  6:05  Photon Cannon, Probe x2  
  86  6:29  Pylon  
  86  6:32  Pylon  
  86  6:35  Pylon  
  86  6:36  Colossus  
  86  6:41  Pylon  
  86  6:46  Nexus  
  86  6:47  Probe x2  
  94  6:57  Stalker x2  
  94  6:59  Probe  
  94  7:00  Sentry  
  101  7:01  Stalker  
  62  7:50  Zealot x4  
  70  7:54  Pylon  
  70  7:55  Probe  
  70  7:57  Pylon, Probe  
  72  7:58  Probe  
  73  8:10  Photon Cannon  
  73  8:13  Photon Cannon  
  73  8:14  Pylon  
  73  8:17  Probe  
  73  8:18  Probe x2  
  76  8:33  Robotics Facility  
  76  8:35  Robotics Facility  
  76  8:36  Assimilator  
  76  8:37  Robotics Facility  
  76  8:39  Pylon, Assimilator  
  76  8:43  Pylon  
  76  8:45  Pylon, Stalker x2  
  76  8:46  Photon Cannon  
  76  8:48  Photon Cannon, Stalker, Shield Battery  
  82  8:51  Stalker  
  84  9:01  Probe  
  85  9:03  Probe  
  85  9:04  Probe  
Show
View Real Time Build Order
Export as new Build Order

Magomed Terran - Winner!

Build Orders:  

Get SALT Encoding   

  12  0:00  SCV  
  13  0:12  SCV  
  14  0:17  Supply Depot  
  14  0:24  SCV  
  15  0:38  SCV  
  15  0:40  Barracks  
  16  0:50  SCV  
  17  1:02  SCV  
  18  1:15  SCV  
  19  1:26  Supply Depot  
  19  1:29  Marine, Orbital Command  
  20  1:45  Command Center  
  20  1:48  Marine  
  20  1:53  Refinery  
  21  2:05  Bunker, Marine  
  21  2:06  SCV  
  23  2:18  SCV  
  23  2:22  Barracks  
  24  2:33  Marine  
  24  2:35  SCV  
  26  2:47  SCV  
  26  2:51  Command Center  
  27  2:53  Marine  
  28  3:02  Factory  
  28  3:08  Orbital Command  
  27  3:13  SCV  
  27  3:19  Marine  
  29  3:20  Engineering Bay  
  29  3:22  Marine  
  30  3:30  SCV  
  31  3:35  SCV  
  31  3:37  Marine  
  31  3:40  Marine  
  34  3:42  SCV  
  35  3:49  SCV  
  35  3:53  Missile Turret  
  36  3:55  SCV  
  36  4:02  Command Center  
  37  4:03  Barracks Tech Lab  
  37  4:10  Starport  
  37  4:13  SCV  
  38  4:18  Orbital Command  
  38  4:20  Factory Reactor  
  38  4:26  Refinery  
  38  4:30  SCV  
  38  4:31  Marine  
  39  4:35  SCV  
  41  4:40  Refinery  
  41  4:41  Terran Infantry Weapons Level 1  
  41  4:45  SCV  
  42  4:48  Orbital Command  
  42  4:50  Marine  
  43  4:54  Marine  
  43  4:55  SCV  
  45  5:05  SCV  
  46  5:08  Marine  
  46  5:10  SCV, Bunker  
  46  5:12  Medivac  
  46  5:13  Marine, Supply Depot  
  51  5:15  SCV  
  51  5:17  Orbital Command  
  52  5:23  Medivac  
  52  5:24  SCV  
  52  5:26  Missile Turret  
  55  5:28  Refinery  
  55  5:29  SCV  
  55  5:31  SCV  
  55  5:34  Marine  
  58  5:36  Supply Depot  
  58  5:37  Combat Shield  
  58  5:38  Supply Depot  
  58  5:43  Supply Depot, SCV  
  59  5:50  SCV  
  59  5:51  SCV  
  59  5:55  SCV  
  59  5:56  Marine  
  63  5:57  Viking  
  63  6:00  Viking  
  63  6:02  SCV  
  68  6:05  SCV  
  68  6:08  Orbital Command  
  69  6:15  Missile Turret  
  69  6:18  Marine  
  69  6:19  Marauder, Supply Depot  
  69  6:25  Ghost Academy  
  72  6:27  Viking, SCV  
  72  6:28  Barracks x2  
  72  6:29  Bunker, SCV  
  72  6:32  SCV  
  77  6:36  Marine, SCV  
  77  6:37  Viking  
  77  6:39  Marine  
  81  6:40  SCV, Supply Depot  
  81  6:42  Terran Infantry Armor Level 1  
  81  6:46  SCV x2  
  85  6:51  SCV  
  86  6:55  Barracks Tech Lab  
  86  6:57  SCV  
  86  6:58  Supply Depot  
  86  6:59  Ghost  
  89  7:01  Viking  
  89  7:06  Refinery  
  89  7:07  Refinery  
  87  7:28  Marine  
  80  7:45  Marine x2  
  80  7:46  Ghost, Marauder  
  80  7:47  SCV  
  80  7:49  SCV  
  88  7:53  SCV x2  
  88  7:57  Barracks  
  90  7:58  Barracks  
  90  8:00  SCV  
  90  8:03  Marine, Barracks  
  92  8:05  Barracks Tech Lab, Barracks  
  92  8:06  Barracks  
  92  8:07  Viking x2  
  92  8:08  Barracks  
  92  8:10  Engineering Bay  
  92  8:11  Armory  
  92  8:12  SCV x2  
  98  8:13  Supply Depot  
  98  8:14  Ghost  
  98  8:16  SCV  
  101  8:20  Marine  
  101  8:21  Marine, Command Center  
  101  8:24  SCV  
  101  8:25  SCV x2  
  106  8:28  Ghost, SCV  
  106  8:31  Concussive Shells  
  109  8:36  SCV  
  109  8:37  Viking, SCV x2  
  109  8:40  SCV  
  109  8:41  Ghost  
  115  8:47  Marine  
  115  8:48  SCV, Viking  
  121  8:50  Barracks Tech Lab  
  121  8:54  SCV  
  122  8:56  Barracks Tech Lab, Marine x2  
  122  9:00  Supply Depot  
Tags
 
Add a new tag
Caveats
  • Supply blocks, unpowered buildings, or Contaminate may cause inaccurate times.
  • Supply counts are checked every 10 seconds.